 Dungeon Crawl Stone Soup version 0.27.1-33-g824d729ab1 (webtiles) character file.

Game seed: 8864509345190074029

69 pkoi the Conjurer (level 4, 0/33 HPs)
             Began as a Draconian Conjurer on Nov 30, 2021.
             Slain by an iron imp (9 damage)
             ... summoned by Natasha
             ... on level 2 of the Dungeon.
             The game lasted 00:03:11 (2909 turns).

pkoi the Conjurer (Draconian Conjurer)              Turns: 2909, Time: 00:03:11

Health: 0/33       AC:  6    Str:  9    XL:     4   Next: 2%
Magic:  3/7        EV: 12    Int: 19    God:
Gold:   79         SH:  0    Dex: 10    Spells: 5/8 levels left

rFire    . . .     SeeInvis .   c - +2 dagger (venom)
rCold    + . .     Faith    .   (no shield)
rNeg     . . .     Spirit   .   (armour unavailable)
rPois    .         Reflect  .   (helmet restricted)
rElec    .         Harm     .   (no cloak)
rCorr    .         Rampage  .   (no gloves)
Will     .....                  k - +0 pair of boots
Stlth    ++........             (no amulet)
HPRegen  0.11/turn              f - ring of wizardry
MPRegen  0.10/turn              (no ring)

@: no status effects
A: AC +5, unfitting armour, cold-blooded, cold resistance 1, wild magic 1
a: no special abilities


You were on level 2 of the Dungeon.
You visited 1 branch of the dungeon, and saw 2 of its levels.

You collected 79 gold pieces.

Inventory:

Hand Weapons
 a - a +0 dagger
 c - a +2 dagger of venom (weapon)
Armour
 k - a +0 pair of boots (worn)
Magical Staves
 i - a staff of poison
Jewellery
 f - a ring of wizardry (left hand)
Scrolls
 b - a scroll of blinking {unknown}
Potions
 e - 2 potions of curing


   Skills:
 + Level 0.2 Staves
 - Level 1.7 Dodging
 - Level 1.7 Stealth
 + Level 2.5 Spellcasting
 * Level 5.2 Conjurations


You had 5 spell levels left.
You knew the following spells:

 Your Spells              Type           Power      Damage    Failure   Level
a - Magic Dart            Conj           100%       1d8       1%          1
b - Searing Ray           Conj           58%        3d5       1%          2

Your spell library contained the following spells:

 Spells                   Type           Power      Damage    Failure   Level
 Dazzling Flash           Conj/Hex       32%        N/A       9%          3
 Gell's Gravitas          Tloc           1%         N/A       24%         3
 Lesser Beckoning         Tloc           1%         N/A       24%         3
 Teleport Other           Tloc           3%         N/A       24%         3
 Tukima's Dance           Hex            3%         N/A       24%         3
 Fulminant Prism          Conj/Hex       8%         3d7       26%         4
 Iskenderun's Mystic Bla  Conj/Tloc      16%        2d5       26%         4
 Passage of Golubria      Tloc           N/A        N/A       58%         4
 Yara's Violent Unravell  Hex/Tmut       1%         3d3       88%         5


Dungeon Overview and Level Annotations

Branches:
Dungeon (2/15)

Altars:

Annotations:
D:2 Natasha, Robin


Innate Abilities, Weirdness & Mutations

Your plain brown scales are hard. (AC +5)
You cannot fit into any form of body armour.
You are cold-blooded and may be slowed by cold attacks.
Your flesh is cold resistant. (rC+)
Your spells are a little harder to cast, but a little more powerful.


Message History

You are poisoned.
The adder poisons you!
You hit the adder.
The adder is poisoned.
The adder is almost dead.
You feel sick.
Natasha casts a spell.
The adder bites you.
You are more poisoned.
The adder poisons you!
You feel very sick.
The crimson imp blinks!
You feel sick.
You feel sick. The adder completely misses you.
You feel sick.
You feel sick.
You kill the adder!
You have reached level 4!
You feel agile.
You completely miss Natasha.
You feel sick. Natasha claws you.
* * * LOW HITPOINT WARNING * * *
You hit Natasha.
Natasha is poisoned.
Natasha is moderately wounded.
You feel sick. Natasha claws you.
* * * LOW HITPOINT WARNING * * *
Unknown command.
You feel sick.
You feel sick.
You are no longer poisoned.
It was a potion of curing.
You feel better. Natasha barely misses you.
It was a potion of mutation.
You feel extremely strange.
You feel less in control of your magic.
You feel resistant to cold.
The white imp disappears in a puff of smoke!
Natasha casts a spell.
You barely miss Natasha.
Natasha is moderately wounded.
Natasha claws you but does no damage.
You closely miss Natasha.
Natasha is moderately wounded.
Natasha barely misses you. The iron imp hits you!
You die...

####.........# .........#
###.##..# #.###......#
#......†.5####.#
#.###..........#
#.........######
#.##...#h## ##+# #.#.#@#
##...## #...#5# ##.....##
##.##.## ##.......##
#.###(#...####.........##
#............+.........).
#####.....####.........##
##.#.## #.......## #.###
##.....## #.# ##...##


You could see an iron imp (summoned), Natasha (poisoned) and a crimson imp
(summoned).

Vanquished Creatures
  2 adders (D:2)
  2 worms (D:2)
  5 endoplasms
  2 giant cockroaches (D:2)
  7 goblins
  6 hobgoblins
  2 jackals (D:1)
  4 kobolds
  2 ball pythons
  4 bats
  A frilled lizard (D:1)
  3 rats
40 creatures vanquished.

Notes
Turn   | Place    | Note
-------+----------+-------------------------------------------
     0 | D:1      | pkoi the Draconian Conjurer began the quest for the Orb.
     0 | D:1      | Reached XP level 1. HP: 14/14 MP: 3/3
   312 | D:1      | Reached XP level 2. HP: 9/20 MP: 1/5
   545 | D:1      | Learned a level 2 spell: Searing Ray
  1756 | D:2      | Reached XP level 3. HP: 26/26 MP: 3/6
  1828 | D:2      | Reached skill level 5 in Conjurations
  1933 | D:2      | Noticed Robin
  2892 | D:2      | Noticed Natasha
  2902 | D:2      | Reached XP level 4. HP: 12/33 MP: 3/7
  2907 | D:2      | Gained mutation: Your spells are a little harder to cast,
                  | but a little more powerful. [potion of mutation]
  2907 | D:2      | Gained mutation: Your flesh is cold resistant. (rC+)
                  | [potion of mutation]
  2909 | D:2      | Slain by an iron imp

Illustrated notes

Levels and vault maps discovered:
D:1:      lemuel_arrival_behind_the_door_small, layout_loops_corners
D:2:      wad_crossroads, layout_loops_corners, minmay_crystal_water,
          uniq_natasha, uniq_robin, uniq_jessica

Skill      XL: |  1  2  3 |
---------------+----------+-----
Conjurations   | 5 |  5.2
Staves         | |  0.2
Dodging        | |  1.7
Stealth        | |  1.7
Spellcasting   | |  2.5

Action                   |  1- 3 |  4- 6 || total
-------------------------+-------+-------++-------
Melee: Dagger            |    43 |     4 ||    47
       Tailslap          |     1 |       ||     1
 Cast: Magic Dart        |    83 |       ||    83
       Searing Ray       |     3 |       ||     3
  Use: Scroll            |     4 |       ||     4
       Potion            |       |     2 ||     2
 Stab: Distracted        |     1 |       ||     1
Armor: Skin              |    26 |     1 ||    27
Dodge: Dodged            |    50 |     2 ||    52
